cohdb
Replays
Latest Replays
All Replays
Popular Replays
Top Player Replays
Match Explorer
How It Works
Community
CoH3 Stats
Reddit
Sign in to upload your games and track your stats! →
Sign in with Steam
Match 38698540
Unlisted
Match 38698540
Overview
Messages
Build Orders
End
Kradschützen Motorcycle Team
Selects Battlefield Espionage Battlegroup
Panzergrenadier Squad
Panzergrenadier Squad
Construct Light Support Kompanie
MG34 Team
Construct Mechanized Kompanie
8 Rad Armored Car
2.5-tonne Medical Truck
Vehicle Survival Package
Selects 250/3 Funkpanzerwagen
Panzerjäger Mechanized Group
8 Rad Armored Car
8 Rad Armored Car
Selects Intel Disruption Beacon
Selects Plunder
Panzerjäger Squad
Support Armor Elements
Pak 38 Mechanized Group
Construct Panzerarmee Kommand
Marder III Tank Destroyer
Pak 38 Mechanized Group
StuG III D Assault Gun
Selects Anti-Tank Incendiary Munitions
Selects Firestorm
Emergency Repair Kits
Armored Reserves
Selects Operation Skorpion
Firestorm
Hawker Typoon
Dullahan
0
0
Comments
sign in to comment!
No comments posted yet!